 Dungeon Crawl Stone Soup version bcrawl-1.28 (webtiles) character file.

Game seed: 6905358191198998505

325679 MisterOstroum the Fighter (level 11, -6/89 HPs)
             Began as a Mummy Wanderer on Nov 21, 2020.
             Was an Initiate of Gozag.
             Mangled by a five-headed hydra (12 damage)
             ... on level 1 of the Lair of Beasts.
             The game lasted 00:29:13 (10476 turns).

MisterOstroum the Fighter (Mummy Wanderer)         Turns: 10476, Time: 00:29:13

Health: -6/89      AC: 10    Str: 19    XL:     11   Next: 13%
Magic:  14/14      EV: 12    Int: 17    God:    Gozag
Gold:   1224       SH:  6    Dex: 15    Spells: 10/10 levels left

rFire    + + .     SeeInvis .   c - +2 morningstar "Ofagiatt" {crush, *Corrode rF+++ Dex+5}
rCold    + . .     Gourm    .   n - +0 buckler
rNeg     + + +     Faith    .   k - +1 ring mail {MR+}
rPois    ∞         Spirit   .   m - +0 helmet
rElec    .         Reflect  .   (no cloak)
rCorr    .         Harm     .   J - +0 pair of gloves
MR       ++...     Clarity  +   g - +0 pair of boots
Stlth    ++........             (no amulet)
HPRegen  0.24/turn              D - ring of wizardry
MPRegen  0.14/turn              K - ring "Famiups" {+Fly Int+4}

@: no status effects
A: no food or potions, fire vulnerability, clarity, cold resistance 1, negative
energy resistance 3, torment resistance, unbreathing
a: Potion Petition, Call Merchant, Bribe Branch, Renounce Religion, Evoke Flight


You were on level 1 of the Lair of Beasts.
You worshipped Gozag.
Gozag was most pleased with you.
You were not hungry.

You visited 2 branches of the dungeon, and saw 11 of its levels.

You collected 1368 gold pieces.
You paid 144 gold pieces to Gozag.

Inventory:

Hand Weapons
 a - a +0 dagger of venom
 b - a +2 hand crossbow
 c - the +2 morningstar "Ofagiatt" (weapon) {crush, *Corrode rF+++ Dex+5}
   (You found it on level 8 of the Dungeon)

   It will always inflict at least some extra damage.
   This minimum extra damage increases with your current reserve of magical
   power.
   It affects your dexterity (+5).
   It renders you almost immune to fire.
   It may corrode you when you take damage.
 d - a +5 long sword
 o - a +0 hunting sling of freezing
 A - a +0 shortbow
 C - a +0 scimitar
Missiles
 e - 1355 sling bullets
 f - 552 bolts
 i - 2509 stones (quivered)
 u - 396 poisoned tomahawks
 x - 1120 arrows
 L - a throwing net {=f!f}
Armour
 g - a +0 pair of boots (worn)
 k - a +1 ring mail of magic resistance (worn)
 l - a +0 chain mail
 m - a +0 helmet (worn)
 n - a +0 buckler (worn)
 J - a +0 pair of gloves (worn)
Magical Staves
 F - an uncursed staff of death
 I - an uncursed staff of poison {unknown}
Jewellery
 D - a ring of wizardry (left hand)
 K - the ring "Famiups" (right hand) {+Fly Int+4}
   (You found it on level 9 of the Dungeon)

   [ring of flight]

   It affects your intelligence (+4).
   It lets you fly.
Wands
 j - a wand of paralysis (1)
 y - a wand of polymorph (9)
Scrolls
 h - 3 scrolls of remove curse {@r2}
 p - 2 scrolls of blinking
 r - a scroll of noise {unknown}
 s - 3 scrolls of enchant armour
 t - a scroll of immolation
 v - 3 scrolls of identify {@r1}
 z - a scroll of amnesia
 B - 3 scrolls of teleportation {@r3 !r}
 E - a scroll of vulnerability
 G - a scroll of brand weapon {unknown}
 H - a scroll of torment {unknown}


   Skills:
 + Level 9.1 Fighting
 - Level 5.6 Short Blades
 * Level 5.7 Crossbows
 + Level 4.0 Armour
 + Level 4.1 Dodging
 - Level 5.0 Stealth
 - Level 5.0 Shields
 + Level 4.9 Evocations


You had 10 spell levels left.
You didn't know any spells.
Your spell library contained the following spells:

 Spells                   Type           Power        Failure   Level  Hunger
 Ensorcelled Hibernation  Hex/Ice        #.....       41%         2    N/A
 Borgnjor's Vile Clutch   Necr/Erth      #.........   100%        6    N/A
 Darkness                 Hex            #.........   100%        6    N/A
 Infestation              Hex/Tmut/Pois  #........    100%        6    N/A
 Shadow Creatures         Summ           N/A          100%        6    N/A
 Time Stop                Chrm/Tloc      N/A          100%        8    N/A

Dungeon Overview and Level Annotations

Branches:
Dungeon (10/12)            Temple (0/1) D:7            Lair (1/6) D:9
    Orc: D:8-11

Altars:
Cheibriados
Elyvilon
Fedhas
Gozag
Kikubaaqudgha
Nemelex Xobeh
Okawaru
Sif Muna
Uskayaw
Vehumet
Wu Jian
Yredelemnul
The Shining One

Shops:
D:9 (

Annotations:
D:2 1 runed door
D:5 1 runed translucent door, dscm's ghost, amateur OpAc


Innate Abilities, Weirdness & Mutations

You do not eat or drink.
Your flesh is vulnerable to fire.
You are immune to poison.
You possess an exceptional clarity of mind.
Your flesh is cold resistant. (rC+)
You are immune to negative energy. (rN+++)
You are immune to unholy pain and torment.
You can survive without breathing.


Message History

You start resting.
HP restored.
You start resting.
HP restored.
Your +0 dagger of venom stops dripping with poison.
b - a +2 hand crossbow (weapon)
Unknown command.
You climb downwards.
Welcome to the Lair of Beasts!
There is a staircase back to the Dungeon here.
A five-headed hydra comes into view.
You have encountered a dangerous foe!
The five-headed hydra roars!
No path to travel!
Evoke which item? (* to show all) (? for menu, Esc to quit)
Aiming: Polymorph
Press: ? - help, Shift-Dir - straight line, f - five-headed hydra
Aim: a five-headed hydra (chance to defeat MR: 26%)
Okay, then.
Firing (i - inventory. (/) - cycle)
f - 556 bolts (quivered)
Press: ? - help, Shift-Dir - straight line, f - five-headed hydra
Aim: a five-headed hydra You shoot a bolt.
The bolt hits the five-headed hydra!
The five-headed hydra is lightly wounded.
Firing (i - inventory. (/) - cycle)
f - 555 bolts (quivered)
Press: ? - help, Shift-Dir - straight line, f/p - five-headed hydra
Aim: a five-headed hydra (lightly wounded)
You shoot a bolt. The bolt hits the five-headed hydra!
The five-headed hydra is moderately wounded.
Firing (i - inventory. (/) - cycle)
f - 554 bolts (quivered)
Press: ? - help, Shift-Dir - straight line, f/p - five-headed hydra
Aim: a five-headed hydra (moderately wounded)
You shoot a bolt.
The bolt barely misses the five-headed hydra.
Firing (i - inventory. (/) - cycle)
f - 553 bolts (quivered)
Press: ? - help, Shift-Dir - straight line, f/p - five-headed hydra
Aim: a five-headed hydra (moderately wounded)
You shoot a bolt. The bolt hits the five-headed hydra!
The five-headed hydra is heavily wounded.
Wield which item (- for none, * to show all)? (? for menu, Esc to quit)
You feel agile.
c - the +2 morningstar "Ofagiatt" (weapon)
{crush, *Corrode rF+++ Dex+5} The five-headed hydra bites you.
The five-headed hydra bites you but does no damage.
You block the five-headed hydra's attack.
The five-headed hydra bites you but does no damage. x2
You hit the five-headed hydra.
Ssssck.
The five-headed hydra is severely wounded.
The five-headed hydra misses you.
The five-headed hydra barely misses you.
You block the five-headed hydra's attack.
The five-headed hydra bites you!
The five-headed hydra bites you but does no damage.
You sock the five-headed hydra!
Ssssck.
The five-headed hydra is severely wounded.
The five-headed hydra barely misses you.
The five-headed hydra closely misses you.
The five-headed hydra bites you.
You block the five-headed hydra's attack.
The five-headed hydra bites you! The five-headed hydra bites you.
The five-headed hydra misses you.
The five-headed hydra bites you but does no damage.
You block the five-headed hydra's attack.
The five-headed hydra bites you but does no damage.
You puncture the five-headed hydra!
The five-headed hydra is almost dead.
The five-headed hydra bites you. x2
The five-headed hydra barely misses you.
The five-headed hydra bites you!
You block the five-headed hydra's attack.
You hit the five-headed hydra.
The five-headed hydra is almost dead.
The five-headed hydra bites you!
The five-headed hydra bites you but does no damage. x2
The five-headed hydra bites you. The five-headed hydra bites you! x2
* * * LOW HITPOINT WARNING * * *
The five-headed hydra bites you!
* * * LOW HITPOINT WARNING * * *
The five-headed hydra bites you.
* * * LOW HITPOINT WARNING * * *
The five-headed hydra bites you.
* * * LOW HITPOINT WARNING * * *
You block the five-headed hydra's attack.
You hit the five-headed hydra but do no damage.
Snnnck.
The five-headed hydra is almost dead.
The five-headed hydra closely misses you.
You block the five-headed hydra's attack. x2
The five-headed hydra bites you.
* * * LOW HITPOINT WARNING * * *
The five-headed hydra completely misses you.
Unknown command.
Evoke which item? (* to show all) (? for menu, Esc to quit)
Okay, then.
Unknown command.
You hit the five-headed hydra.
Ssssck.
The five-headed hydra is almost dead.
The five-headed hydra closely misses you.
The five-headed hydra bites you!
You die...
Your body crumbles into a pile of gold.

..# .#≈≈ . .#....
..### .#......#
..... .... ....
......
....###.####......
..................
....#.....<.......
..................
...%..D@..........
..................
..................
.......§≈≈≈≈......
.......≈###≈......
.......≈# ≈......
##.###.≈# ≈.....
.. ..≈§ §...


You could see a five-headed hydra.

Vanquished Creatures
  Harold (D:9)
  Psyche (D:8)
  A sea snake (D:8)
  A centaur skeleton (D:9)
  2 trolls (D:9)
  A hornet (D:9)
  Prince Ribbit (D:6)
  Sigmund (D:4)
  A redback (D:9)
  Eustachio (D:5)
  3 yaks
  A hungry ghost (D:9)
  2 wargs
  A crocodile (D:6)
  Menkaure (D:5)
  Duvessa (D:5)
  2 orc warriors
  A black bear (D:6)
  4 phantoms
  An ice beast (D:5)
  3 ogres
  3 centaurs
  2 big kobolds
  2 bullfrogs
  Blork the orc (D:5)
  A water moccasin skeleton (D:7)
  A scorpion (D:4)
  15 killer bees
  12 wights
  A howler monkey (D:7)
  5 crimson imps
  A centaur zombie (D:6)
  3 hounds
  3 jellies
  7 orc wizards
  3 orc priests
  2 bullfrog skeletons
  2 iguanas
  8 worker ants
  A hound zombie (D:9)
  A hound skeleton (D:6)
  Robin (D:2)
  A worker ant zombie (D:6)
  8 adders
  2 shadow imps
  3 adder zombies
  An adder skeleton (D:9)
  3 worms
  3 dart slugs
  4 leopard geckos
  18 orcs
  3 giant cockroaches
  16 goblins
  10 hobgoblins
  10 jackals
  5 quokkas
  A ball python (D:1)
  2 bats (D:1)
  9 frilled lizards
  A jackal skeleton (D:3)
  18 kobolds
  7 rats
231 creatures vanquished.

Vanquished Creatures (others)
  2 jackals (D:3)
  A quokka (D:3)
3 creatures vanquished.

Grand Total: 234 creatures vanquished

Notes
Turn   | Place    | Note
-------+----------+-------------------------------------------
     0 | D:1      | MisterOstroum the Mummy Wanderer began the quest for the
                  | Orb.
     0 | D:1      | MisterOstroum set off with the following items: a +2 hand
                  | crossbow, 122 bolts, a scroll of teleportation {@r3 !r}, a
                  | +0 buckler, a +0 robe, a +0 dagger
     0 | D:1      | Reached XP level 1. HP: 18/18 MP: 1/1
   128 | D:1      | Reached XP level 2. HP: 20/24 MP: 2/2
   653 | D:1      | Reached XP level 3. HP: 14/29 MP: 3/3
  1339 | D:2      | Noticed Robin
  1534 | D:2      | Killed Robin
  1613 | D:2      | Reached XP level 4. HP: 20/35 MP: 4/4
  1615 | D:2      | Reached skill level 1 in Short Blades
  1710 | D:2      | Found a runed door.
  2179 | D:2      | Found a sparkling altar of Nemelex Xobeh.
  2179 | D:2      | Found a radiant altar of Vehumet.
  2209 | D:2      | Reached XP level 5. HP: 42/42 MP: 5/5
  2317 | D:3      | Reached skill level 4 in Fighting
  2650 | D:3      | Found a white marble altar of Elyvilon.
  2963 | D:3      | Found a white marble altar of Elyvilon.
  3378 | D:4      | Reached XP level 6. HP: 43/49 MP: 6/6
  3562 | D:4      | Found an ornate altar of the Wu Jian Council.
  3585 | D:4      | Noticed Sigmund
  3616 | D:4      | Killed Sigmund
  3616 | D:4      | Reached skill level 5 in Fighting
  3616 | D:4      | Reached XP level 7. HP: 43/57 MP: 7/7
  3694 | D:4      | Reached skill level 6 in Fighting
  3974 | D:5      | Entered Level 5 of the Dungeon
  4059 | D:5      | Noticed Blork the orc
  4090 | D:5      | Killed Blork the orc
  4108 | D:5      | Noticed Menkaure
  4112 | D:5      | Killed Menkaure
  4112 | D:5      | Reached skill level 1 in Evocations
  4158 | D:5      | Noticed dscm's ghost (amateur OpAc)
  4159 | D:5      | Found a runed translucent door.
  4177 | D:5      | Noticed Duvessa
  4195 | D:5      | Killed Duvessa
  4233 | D:5      | Reached XP level 8. HP: 54/65 MP: 9/9
  4361 | D:5      | Noticed Eustachio
  4372 | D:5      | Killed Eustachio
  5087 | D:6      | Reached skill level 7 in Fighting
  5087 | D:6      | Reached skill level 5 in Short Blades
  5278 | D:6      | Reached XP level 9. HP: 40/72 MP: 11/11
  5557 | D:6      | Noticed Prince Ribbit
  5570 | D:6      | Killed Prince Ribbit
  5570 | D:6      | Reached skill level 5 in Shields
  5731 | D:6      | Found an opulent altar of Gozag.
  5743 | D:6      | Found an iron altar of Okawaru.
  5753 | D:6      | Became a worshipper of Gozag Ym Sagoz the Greedy
  5802 | D:7      | Found a staircase to the Ecumenical Temple.
  6122 | D:7      | Found a snail-covered altar of Cheibriados.
  6122 | D:7      | Found a hide-covered altar of Uskayaw.
  6122 | D:7      | Found a shimmering blue altar of Sif Muna.
  6374 | D:7      | Reached skill level 8 in Fighting
  6417 | D:7      | Found an ancient bone altar of Kikubaaqudgha.
  6844 | D:8      | Found a blossoming altar of Fedhas.
  7092 | D:8      | Noticed Psyche
  7098 | D:8      | Killed Psyche
  7098 | D:8      | Reached XP level 10. HP: 80/80 MP: 12/12
  7304 | D:8      | Got a bloodstained morningstar
  7749 | D:9      | Noticed a two-headed ogre
  8072 | D:9      | Found Ymyil's Weapon Shoppe.
  8173 | D:9      | Noticed a two-headed ogre
  8197 | D:9      | a two-headed ogre changed into a redback
  8675 | D:8      | Reached skill level 5 in Stealth
  8831 | D:9      | Identified the +2 morningstar "Ofagiatt" {crush, *Corrode
                  | rF+++ Dex+5} (You found it on level 8 of the Dungeon)
  9216 | D:9      | Noticed Harold
  9230 | D:9      | Noticed a sea snake
  9230 | D:9      | a two-headed ogre changed into a sea snake
  9502 | D:9      | Got a slimy bone ring
  9503 | D:9      | Identified the ring "Famiups" {+Fly Int+4} (You found it on
                  | level 9 of the Dungeon)
  9523 | D:9      | Reached skill level 5 in Crossbows
  9711 | D:8      | HP: 1/82 [sea snake (16)]
  9724 | D:8      | Killed a sea snake
  9724 | D:8      | Reached skill level 9 in Fighting
  9938 | D:9      | Found a staircase to the Lair.
 10013 | D:9      | Killed Harold
 10013 | D:9      | Reached XP level 11. HP: 86/89 MP: 14/14
 10125 | D:9      | Found a glowing golden altar of the Shining One.
 10145 | D:9      | Noticed an angel
 10152 | D:9      | Found a basalt altar of Yredelemnul.
 10154 | D:9      | Noticed a profane servitor
 10285 | D:10     | Entered Level 10 of the Dungeon
 10462 | Lair:1   | Entered Level 1 of the Lair of Beasts
 10465 | Lair:1   | Noticed a five-headed hydra
 10476 | Lair:1   | Mangled by a five-headed hydra

Skill      XL: |  1  2  3  4  5  6  7  8  9 10 |
---------------+-------------------------------+-----
Crossbows      | 2 3 5 |  5.7
Short Blades   | 2 3 4 5 |  5.6
Fighting       | 4 5 6 7 8 9 |  9.1
Shields        | 2 4 5 |  5.0
Evocations     | 2 3 4 |  4.9
Stealth        | 4 5 |  5.0
Dodging        | 2 4 |  4.1
Armour         | 2 4 |  4.0

Action                   |  1- 3 |  4- 6 |  7- 9 | 10-12 || total
-------------------------+-------+-------+-------+-------++-------
Melee: Dagger            |   149 |   160 |   264 |   183 ||   756
       Long sword        |       |       |     3 |     6 ||     9
       Glaive            |       |       |       |    17 ||    17
       Morningstar       |       |       |       |    17 ||    17
 Fire: Hand crossbow     |    28 |    28 |   215 |   115 ||   386
Throw: Stone             |    16 |    27 |     5 |     7 ||    55
Invok: Potion Petition   |       |       |       |     1 ||     1
Evoke: Wand              |       |       |     3 |    18 ||    21
  Use: Scroll            |       |     2 |     8 |     2 ||    12
 Stab: Sleeping          |     1 |     5 |       |     1 ||     7
       Paralysed         |       |       |     4 |     1 ||     5
       Invisible         |       |       |       |     1 ||     1
Armor: Robe              |     4 |       |       |       ||     4
       Ring mail         |    33 |    61 |   115 |    88 ||   297
Dodge: Dodged            |    74 |    58 |   117 |   147 ||   396
Block: Buckler           |    31 |    23 |    67 |    81 ||   202
